 Dungeon Crawl Stone Soup version 0.28.0 (webtiles) character file.

Game seed: 17315603677849816176

647950 RighteousDevil the Heavyweight Champion (level 26, -26/288 HPs)
             Began as a Troll Monk on Feb 13, 2022.
             Was the Champion of Jiyva.
             Killed from afar by an ancient lich (62 damage)
             ... with a crystal spear
             ... on level 4 of the Realm of Zot.
             The game lasted 02:41:04 (49716 turns).

RighteousDevil the Heavyweight Champion (TrMo)     Turns: 49716, Time: 02:41:04

Health: -26/288    AC: 24    Str: 29      XL:     26   Next: 67%
Magic:  32/32      EV: 20    Int: 20 (21) God:    Jiyva [******]
Gold:   3127       SH: 30    Dex: 28      Spells: 24/25 levels left

rFire   + + .      SeeInvis .     - Unarmed
rCold   + . .      Faith    .   Y - +8 tower shield of the Original Sin {rElec rPois Int+4}
rNeg    + . .      Spirit   .   p - +5 steam dragon scales
rPois   +          Reflect  .   H - +2 hat "Ugorph" {rF+ Int+4 Dex+3}
rElec   +          Harm     .   w - scarf {rC+ rF+}
rCorr   +          Rampage  .   (gloves unavailable)
Will    +++..                   (boots unavailable)
Stlth   ++........              I - amulet "Zazullur" {Regen+ Dex+3}
HPRegen 3.78/turn               J - ring of Duuskavilu {rN+ Str-3 Int+3 Dex+6 Slay+2}
MPRegen 0.73/turn               Z - ring of the Tortoise {AC+8}

@: about to teleport, hasted, constricted, studying 2 skills, unable to read,
very quick
A: large, unfitting armour, claws 3, regeneration 1, shaggy fur 1, tough skin 1,
antennae 2, hooves 1, clever 1, deterioration 2, strong-willed 2, poison
resistance, strong 2, gelatinous body 1, inability to read while threatened,
sturdy frame 1, engulf
}: 5/15 runes: decaying, slimy, silver, abyssal, gossamer
a: Renounce Religion, Oozemancy, Slimify


You were on level 4 of the Realm of Zot.
You worshipped Jiyva.
Jiyva was exalted by your worship.
You visited 11 branches of the dungeon, and saw 53 of its levels.
You visited the Abyss 1 time.
You visited 1 ziggurat, and saw 8 of its levels.
You also visited: Bailey, Gauntlet and Wizlab.

You collected 5359 gold pieces.
You spent 2232 gold pieces at shops.

Inventory:

Missiles
 o - 2 throwing nets (quivered)
 X - 62 large rocks
Armour
 p - +5 steam dragon scales (worn)
 w - a scarf of resistance (worn)
 H - the +2 hat "Ugorph" (worn) {rF+ Int+4 Dex+3}
   (You found it on level 4 of the Spider Nest)

   Int:       It affects your intelligence (+4).
   Dex:       It affects your dexterity (+3).
   rF:        It protects you from fire.
 S - the +2 ice dragon scales "Ogrukh" {rF- rC++ rN+ Int+8}
   (You found it on level 13 of the Dungeon)

   Int:       It affects your intelligence (+8).
   rF:        It makes you vulnerable to fire.
   rC:        It greatly protects you from cold.
   rN:        It protects you from negative energy.
 T - the +1 cloak of Starlight {*Dazzle EV+4 Stlth--}
   (You found it on level 1 of the Vaults)

   It may blind those who miss an attack against the wearer in melee combat.
   EV:        It affects your evasion (+4).
   Stlth:     It makes you much less stealthy.
 Y - the +8 tower shield of the Original Sin (worn) {rElec rPois Int+4}
   (You acquired it on level 14 of the Dungeon)

   Int:       It affects your intelligence (+4).
   rElec:     It insulates you from electricity.
   rPois:     It protects you from poison.
Jewellery
 a - the ring "Rear Iselao" {Fly rElec Will+ Dex+6}
   (You took it off a deep elf elementalist on level 3 of the Elven Halls)

   [ring of dexterity]

   Dex:       It affects your dexterity (+6).
   rElec:     It insulates you from electricity.
   Fly:       It grants you flight.
   Will:      It increases your willpower.
 e - the ring of Peace {Ice Str+6}
   (You found it on level 1 of the Swamp)

   [ring of ice]

   It enhances your ice magic.
   Str:       It affects your strength (+6).
   rF:        It makes you vulnerable to fire.
   rC:        It protects you from cold.
 m - the ring of Acwuhaz {Fire Will+ Str-5 Int+4 SInv}
   (You took it off a deep elf knight on level 3 of the Elven Halls)

   [ring of fire]

   It enhances your fire magic.
   Str:       It affects your strength (-5).
   Int:       It affects your intelligence (+4).
   rF:        It protects you from fire.
   rC:        It makes you vulnerable to cold.
   SInv:      It lets you see invisible.
   Will:      It increases your willpower.
 A - the ring of Circularity {rPois Dex+4 Slay+4}
   (You found it in a Gauntlet)

   [ring of slaying]

   Dex:       It affects your dexterity (+4).
   Slay:      It affects your accuracy & damage with ranged weapons and melee
   (+4).
   rPois:     It protects you from poison.
 I - the amulet "Zazullur" (around neck) {Regen+ Dex+3}
   (You found it on level 4 of the Vaults)

   [amulet of regeneration]

   Dex:       It affects your dexterity (+3).
   Regen:     It increases your rate of health regeneration.
 J - the ring of Duuskavilu (left claw) {rN+ Str-3 Int+3 Dex+6 Slay+2}
   (You found it on level 6 of the Lair of Beasts)

   [ring of dexterity]

   Str:       It affects your strength (-3).
   Int:       It affects your intelligence (+3).
   Dex:       It affects your dexterity (+6).
   Slay:      It affects your accuracy & damage with ranged weapons and melee
   (+2).
   rN:        It protects you from negative energy.
 K - the ring of Greater Demons {Ice Drain Str+3 Dex+3}
   (You took it off a deep elf demonologist on level 3 of the Elven Halls)

   [ring of ice]

   It enhances your ice magic.
   Str:       It affects your strength (+3).
   Dex:       It affects your dexterity (+3).
   rF:        It makes you vulnerable to fire.
   rC:        It protects you from cold.
   Drain:     It drains your maximum health when unequipped.
 W - the amulet "Vatuas" {Spirit rElec}
   (You took it off a fire giant on level 2 of the Depths)

   [amulet of guardian spirit]

   It causes incoming damage to be divided between your reserves of health and
   magic.
   rElec:     It insulates you from electricity.
 Z - the ring of the Tortoise (right claw) {AC+8}
   (You found it on level 5 of the Pits of Slime)

   [ring of protection]

   AC:        It affects your AC (+8).
Wands
 d - a wand of polymorph (26)
 f - a wand of mindburst (7)
 z - a wand of acid (3)
 G - a wand of flame (37)
 N - a wand of charming (1)
 P - a wand of digging (14)
 R - a wand of iceblast (18)
 V - a wand of paralysis (9)
Scrolls
 h - 6 scrolls of enchant weapon
 i - 8 scrolls of fog
 q - 23 scrolls of teleportation
 t - a scroll of magic mapping
 v - 2 scrolls of blinking
 D - a scroll of fear
 L - 3 scrolls of enchant armour
 O - 6 scrolls of amnesia
Potions
 b - 8 potions of flight
 c - 3 potions of berserk rage
 j - 12 potions of curing
 k - 3 potions of brilliance
 l - 2 potions of mutation
 r - 9 potions of lignification
 s - 6 potions of ambrosia
 u - 3 potions of magic
 x - 3 potions of attraction
 B - 2 potions of cancellation
 C - 8 potions of might
 F - 3 potions of invisibility
 Q - 2 potions of haste
Miscellaneous
 g - a condenser vane (inert)
 y - a phantom mirror
 E - a lightning rod (4/4)
 U - a box of beasts


   Skills:
 + Level 21.0 Fighting
 - Level 5.0 Armour
 + Level 14.7 Dodging
 - Level 1.0 Stealth
 + Level 14.8 Shields
 O Level 27 Unarmed Combat
 - Level 13.8 Invocations
 - Level 9.8 Evocations


You had 24 spell levels left.
You knew the following spells:

 Your Spells              Type           Power      Damage    Failure   Level
a - Apportation           Tloc           0%         N/A       45%         1

Your spell library contained the following spells:

 Spells                   Type           Power      Damage    Failure   Level
 Animate Skeleton         Necr           0%         N/A       45%         1
 Foxfire                  Conj/Fire      0%         2x1d4     45%         1
 Shock                    Conj/Air       0%         1d3       45%         1
 Sting                    Tmut/Pois      0%         1d3       45%         1
 Summon Small Mammal      Summ           0%         N/A       45%         1
 Static Discharge         Conj/Air       0%         N/A       61%         2
 Sublimation of Blood     Necr           0%         N/A       61%         2
 Wereblood                Tmut           0%         N/A       61%         2
 Call Canine Familiar     Summ           0%         N/A       83%         3
 Conjure Flame            Conj/Fire      0%         6-21      83%         3
 Dazzling Flash           Conj/Hex       0%         N/A       83%         3
 Frozen Ramparts          Ice            0%         1d2       83%         3
 Gell's Gravitas          Tloc           0%         N/A       83%         3
 Inner Flame              Hex/Fire       0%         N/A       83%         3
 Lesser Beckoning         Tloc           0%         N/A       83%         3
 Ozocubu's Armour         Ice            0%         N/A       83%         3
 Summon Guardian Golem    Hex/Summ       0%         N/A       83%         3
 Swiftness                Air            0%         N/A       83%         3
 Teleport Other           Tloc           0%         N/A       83%         3
 Tukima's Dance           Hex            0%         N/A       83%         3
 Airstrike                Air            0%         N/A       99%         4
 Anguish                  Hex/Necr       0%         N/A       99%         4
 Animate Armour           Summ/Erth      0%         N/A       99%         4
 Cause Fear               Hex            0%         N/A       99%         4
 Flame Wave               Conj/Fire      0%         2d4       99%         4
 Ice Form                 Ice/Tmut       0%         N/A       99%         4
 Iskenderun's Mystic Bla  Conj/Tloc      0%         2d3       99%         4
 Leda's Liquefaction      Hex/Erth       0%         N/A       99%         4
 Passage of Golubria      Tloc           0%         N/A       99%         4
 Summon Ice Beast         Ice/Summ       0%         N/A       99%         4
 Alistair's Intoxication  Tmut/Pois      0%         N/A       100%        5
 Blade Hands              Tmut           0%         N/A       100%        5
 Fireball                 Conj/Fire      0%         3d3       100%        5
 Freezing Cloud           Conj/Ice/Air   0%         6-21      100%        5
 Irradiate                Conj/Tmut      0%         3d13      100%        5
 Lee's Rapid Deconstruct  Erth           0%         3d5*      100%        5
 Lightning Bolt           Conj/Air       0%         1d11      100%        5
 Metabolic Englaciation   Hex/Ice        0%         N/A       100%        5
 Silence                  Hex/Air        0%         N/A       100%        5
 Summon Forest            Summ/Tloc      0%         N/A       100%        5
 Summon Mana Viper        Hex/Summ       0%         N/A       100%        5
 Dispersal                Tloc           0%         N/A       100%        6
 Eringya's Noxious Bog    Tmut/Pois      0%         N/A       100%        6
 Simulacrum               Ice/Necr       0%         N/A       100%        6
 Starburst                Conj/Fire      0%         6d3       100%        6
 Statue Form              Tmut/Erth      0%         N/A       100%        6
 Dragon Form              Tmut           0%         N/A       100%        7
 Enfeeble                 Hex            0%         N/A       100%        7
 Monstrous Menagerie      Summ           0%         N/A       100%        7
 Summon Hydra             Summ           0%         N/A       100%        7
 Borgnjor's Revivificati  Necr           0%         N/A       100%        8
 Discord                  Hex            0%         N/A       100%        8
 Lehudib's Crystal Spear  Conj/Erth      0%         10d2      100%        8
 Maxwell's Capacitive Co  Air            0%         ∞         100%        8


Dungeon Overview and Level Annotations

Branches:
Dungeon (15/15)            Temple (1/1) D:6            Lair (6/6) D:10
  Swamp (4/4) Lair:4       Spider (4/4) Lair:4        Slime (5/5) Lair:6
    Orc (2/2) D:10            Elf (3/3) Orc:2        Vaults (5/5) D:14
  Crypt (0/3) Vaults:3     Depths (4/4) D:15            Zot (4/5) Depths:4
 Bailey (visited)          WizLab (visited)         Gauntlet (visited)

Altars:
Ashenzari
Cheibriados
Dithmenos
Elyvilon
Fedhas
Gozag
Hepliaklqana
Kikubaaqudgha
Makhleb
Nemelex Xobeh
Okawaru
Qazlal
Ru
Sif Muna
Trog
Uskayaw
Vehumet
Wu Jian
Xom
Yredelemnul
Zin
The Shining One
Jiyva

Shops:
D:2 (   D:3 [   D:4 !   D:13 [   D:14 **   Orc:2 [=!?=   Elf:3 :   Vaults:2 :
Vaults:3 ?   Depths:1 (

Portals:
Hell: Depths:1 Depths:2 Depths:3 Depths:4
Abyss: Depths:2 Depths:3
Pandemonium: Depths:1 Depths:2
Trove: Depths:1 (give 8 scrolls of blinking)

Annotations:
D:3 2 transporters, AlmostDecent's ghost, amateur DjCj
Lair:5 exclusion: oklob plant
Swamp:1 1 runed translucent door, TheOneDM's ghost, adept GrFi
Slime:4 Dissolution
Slime:5 Royal Jelly
Elf:2 4 runed translucent doors, Timpihef's ghost, adept OpAK


Innate Abilities, Weirdness & Mutations

You are too large for most types of armour.
You have claws for hands.
Your natural rate of healing is unusually fast.
You are covered in fur. (AC +1)
You have tough skin. (AC +1)
You have a pair of antennae on your head.
You have large cloven feet.
Your mind is acute. (Int +2)
Your body often deteriorates upon taking damage.
You are highly strong-willed. (Will++)
Your system is resistant to poisons. (rPois)
Your muscles are very strong. (Str +4)
Your rubbery body absorbs attacks. (AC +1, EV +1)
You sometimes lose the ability to read scrolls when taking damage.
Your movements are slightly less encumbered by armour. (ER -2)
Your melee attacks may engulf your foes in ooze.


Message History

The tentacled monstrosity tentacle-slaps you but does no damage.
You block the tentacled monstrosity's attack. x2
The tentacled monstrosity constricts you.
* * * LOW HITPOINT WARNING * * *
The curse toe calls on the powers of darkness!
The yellow draconian annihilator convulses!
The moth of wrath convulses!
The green draconian monk convulses!
The shadow dragon convulses!
Your body is wracked with pain!
* * * LOW HITPOINT WARNING * * *
The Killer Klown convulses!
Your rockslime convulses!
Your rockslime hits the wandering mushroom.
The wandering mushroom holds its ground!
The tentacled monstrosity tentacle-slaps you but does no damage.
You block the tentacled monstrosity's attack.
The tentacled monstrosity tentacle-slaps you but does no damage.
You block something's attack.
You hear some strange, mumbled words.
Unknown command.
You feel better.
You block the tentacled monstrosity's attack.
The tentacled monstrosity tentacle-slaps you but does no damage.
You block the tentacled monstrosity's attack.
The tentacled monstrosity constricts you.
You block the wandering mushroom's attack.
The curse toe gestures.
You block the wandering mushroom's attack.
The wandering mushroom barely misses you.
You block the deathcap's attack.
Your rockslime hits the wandering mushroom!!!
The wandering mushroom holds its ground!
The wandering mushroom is destroyed!
The wandering mushroom disappears in a puff of smoke!
The tentacled monstrosity misses you.
The tentacled monstrosity completely misses you.
The tentacled monstrosity closely misses you.
You hear some strange, mumbled words.
A crystal spear appears from out of thin air!
The crystal spear hits you!!!
You die...

<...........'++++++++'......#
##..........'++++++++'......#
########...'++(§§§++'......#
#...'++§§z§§.'......#
#...'++§ff§.+'......#
#...'+zzfq§y+'......# ##
#...'++fq{zf.'......####.
#...'++XX{D§+'...........
#...''ff@*f§§'...........
##....ff§fff§............
#....ffJff§§............
####........###....#####
#........# #....# ###
#......### #....# ..#
#......# #....# ..# #......#
#....# ..# #......# #....#


You could see an orb of fire, a shadow dragon (berserk, corroded), 2 tentacled
monstrosities, a green draconian monk (berserk), 3 curse toes, a death cob, a
yellow draconian annihilator (extremely poisoned), 6 deathcaps, a moth of wrath
(very poisoned), 11 wandering mushrooms and a friendly rockslime (summoned).

Vanquished Creatures
  An orb of fire (Zot:3)
  3 ancient liches
  A juggernaut (Depths:3)
  Boris (Depths:3)
  Bai Suzhen (Depths:1)
  Frederick (Depths:4)
  2 Killer Klowns (Zig:4)
  2 caustic shrikes (Depths:2)
  Saint Roka (Depths:1)
  4 golden dragons
  Arachne (Spider:3)
  A hellephant (Abyss:3)
  3 electric golems
  4 liches
  21 tentacled monstrosities
  2 deep elf master archers (Elf:3)
  5 titans
  Mlioglotl (Spider:3)
  2 deep elf blademasters (Elf:3)
  Asterion (Vaults:1)
  3 quicksilver dragons
  2 sphinxes
  3 ancient champions
  Frances (Swamp:2)
  7 death cobs
  5 tengu reavers
  Kirke (Lair:6)
  7 storm dragons
  3 thorn hunters
  8 shadow dragons
  Roxanne (Elf:3)
  6 draconian monks
  A revenant (Zig:5)
  9 draconian knights
  10 fire giants
  3 orc warlords (Vaults:3)
  8 vault wardens
  6 frost giants
  5 ghost moths
  5 draconian shifters
  8 deep elf sorcerers
  3 draconian scorchers
  Aizul (Depths:2)
  2 deep elf elementalists
  A juggernaut zombie (Depths:2)
  A spriggan defender (Depths:2)
  7 broodmothers
  A ghoul (Swamp:4)
  2 emperor scorpions (Spider:4)
  Louise (Spider:3)
  9 draconian annihilators
  5 draconian stormcallers
  17 ironbound preservers
  A broodmother (shapeshifter) (D:14)
  3 war gargoyles
  2 reapers
  An ironbound thunderhulk (Vaults:3)
  11 stone giants
  8 deep elf demonologists
  A caustic shrike skeleton (Depths:2)
  16 very ugly things
  14 green draconians
  12 entropy weavers
  2 vampire knights
  10 eleionomae
  13 dire elephants
  Azrael (D:12)
  7 black draconians
  A minotaur (Gauntlet)
  17 white draconians
  3 bunyips
  8 deep elf annihilators
  4 yellow draconians (Zot:1)
  10 purple draconians
  12 red draconians
  11 spark wasps
  6 deep elf death magi
  A green death (Depths:1)
  2 eidola
  7 ettins
  7 fire dragons
  4 deep elf high priests
  14 yaktaur captains
  3 shambling mangroves (Swamp:4)
  Josephine (D:12)
  A naga warrior (Zig:3)
  5 boulder beetles
  5 rakshasas
  2 peacekeepers
  34 hydras
  6 ice dragons
  5 ironbound frosthearts
  4 spriggan air magi (Depths:2)
  32 vault guards
  A catoblepas (Lair:6)
  2 ghost crabs
  3 jorogumos
  16 alligators
  An ogre mage (D:15)
  A radroach (Spider:3)
  6 centaur warriors
  19 two-headed ogres
  20 dancing weapons
  12 tengu warriors
  A death scarab (Spider:2)
  9 deep troll shamans
  5 deep troll earth magi
  A thrashing horror (Abyss:2)
  A vampire mage (Depths:2)
  A naga sharpshooter (Zig:3)
  6 spriggan berserkers
  2 hell hogs (Depths:1)
  10 death yaks
  A shock serpent (Zig:3)
  A soul eater (Gauntlet)
  15 deep elf knights
  10 hell knights
  8 pharaoh ants
  A shadow wraith (Vaults:5)
  2 sun moths
  18 iron trolls
  20 skeletal warriors
  A spatial maelstrom (Abyss:3)
  A sea snake (shapeshifter) (Depths:2)
  7 orb spiders
  3 steelbarb worms
  3 flayed ghosts
  2 orange crystal statues (Zig:2)
  4 phantasmal warriors
  7 goliath frogs
  9 bog bodies
  68 deep trolls
  8 swamp dragons
  5 spriggan druids
  10 wizards
  2 obsidian statues
  14 orc knights
  3 harpies
  27 deep elf pyromancers
  22 deep elf archers
  23 deep elf zephyrmancers
  Pikel (D:5)
  8 lindwurms
  11 necromancers
  A mana viper (Abyss:2)
  13 ironbound convokers
  60 ugly things
  5 cyclopes
  A salamander (Depths:1)
  2 manticores
  7 will-o-the-wisps
  4 orc sorcerers
  31 wolf spiders
  An ice statue (Zig:2)
  A naga mage (Zig:3)
  31 moths of wrath
  2 molten gargoyles (Lair:4)
  8 black mambas
  11 torpor snails
  2 smoke demons
  18 cane toads
  Maurice (D:8)
  18 elephants
  9 vault sentinels
  A cane toad (shapeshifter) (D:14)
  A gargoyle (D:12)
  7 komodo dragons
  6 efreet
  33 yaktaurs
  2 rime drakes (shapeshifter) (D:14)
  2 unseen horrors
  A kobold demonologist (D:12)
  5 demonic crawlers
  3 rime drakes
  A komodo dragon (shapeshifter) (D:15)
  2 tengu conjurers
  A freezing wraith (Vaults:5)
  A hellwing (Depths:1)
  A queen bee (Gauntlet)
  15 meliai
  2 ancient zymes (Abyss:2)
  11 tyrant leeches
  9 trolls
  A hornet (shapeshifter) (D:15)
  9 hornets
  3 polar bears
  24 tarantellas
  A wind drake (shapeshifter) (D:10)
  9 blink frogs
  18 dream sheep
  32 jumping spiders
  A raiju (Abyss:2)
  A meliai zombie (D:10)
  33 culicivoras
  A ynoxinul (Depths:1)
  4 air elementals
  A centaur simulacrum (D:12)
  A spriggan (shapeshifter) (D:15)
  6 vampires
  12 spriggans
  5 wraiths
  3 wyverns
  11 water elementals
  30 yaks
  4 chaos spawn
  8 basilisks
  11 fire elementals
  52 redbacks
  4 vampire mosquitoes (Swamp:2)
  2 steam dragons
  A golden eye (shapeshifter) (D:13)
  3 neqoxecs
  4 large abominations
  6 hogs (Lair:6)
  3 wargs
  A yaktaur simulacrum (Vaults:1)
  4 two-headed ogre zombies (WizLab)
  14 swamp worms
  A naga (Zig:3)
  4 acid dragons
  A hell hound (D:12)
  A sky beast (D:7)
  22 water moccasins
  9 swamp drakes
  An ice beast (D:7)
  A hornet zombie (D:8)
  42 orc warriors
  3 black bears
  A necrophage (D:6)
  12 ogres
  32 wolves
  7 boggarts
  9 centaurs
  A lemure (D:5)
  7 bullfrogs
  2 gnoll sergeants
  6 kobold brigands
  2 scorpions
  7 earth elementals
  6 troll zombies (WizLab)
  13 killer bees
  5 electric eels
  18 wights
  3 howler monkeys (D:8)
  4 lava snakes (Lair:4)
  4 centaur zombies
  3 jellies
  16 starcursed masses
  14 orc priests
  6 centaur skeletons
  3 hounds
  A bullfrog skeleton (D:6)
  3 gnoll shamans
  13 orc wizards
  6 hell rats (Lair:2)
  A killer bee zombie (D:6)
  6 ogre zombies (WizLab)
  A hound zombie (D:5)
  A hound skeleton (D:4)
  A howler monkey zombie (D:10)
  22 gnolls
  9 adders
  4 shadow imps (Gauntlet)
  2 white imps
  4 ufetubi
  An adder skeleton (D:4)
  A worm (D:3)
  4 dart slugs
  73 orcs
  8 ball pythons
  3 endoplasms
  3 giant cockroaches
  7 goblins
  12 hobgoblins
  35 kobolds
  3 quokkas
  8 bats
  A frilled lizard (D:3)
  4 rats
  A briar patch (Swamp:4)
  4 butterflies (Vaults:1)
2110 creatures vanquished.

Vanquished Creatures (collateral kills)
  An ironbound frostheart (Vaults:4)
  A death knight (Vaults:3)
  A wizard (Vaults:4)
  A two-headed ogre zombie (WizLab)
4 creatures vanquished.

Vanquished Creatures (others)
  A shadow dragon (Depths:2)
  3 azure jellies
  A vault warden (Vaults:2)
  2 deep elf elementalists (Elf:3)
  A green draconian (Depths:4)
  A dire elephant (Abyss:3)
  A spark wasp (Depths:4)
  13 great orbs of eyes
  An ettin (shapeshifter) (Vaults:5)
  A yaktaur captain (Vaults:2)
  A spriggan air mage (Depths:4)
  A tengu warrior (Depths:2)
  A spriggan berserker (Depths:2)
  A deep elf knight (Elf:1)
  6 glowing orange brains
  A goliath frog (Swamp:4)
  A deep troll (Vaults:4)
  An orb spider (Spider:4)
  A shadow wraith (D:14)
  A spriggan druid (Swamp:4)
  A wizard (Depths:2)
  A deep elf archer (Elf:1)
  An ugly thing (Depths:2)
  2 necromancers (Depths:1)
  A deep elf pyromancer (Elf:3)
  A moth of wrath (Zot:2)
  A shining eye (shapeshifter) (Depths:4)
  3 vault sentinels
  A gargoyle (D:14)
  A tengu conjurer (Depths:2)
  A bloated husk (Swamp:3)
  16 slime creatures
  2 tarantellas
  A wraith (D:12)
  A golden eye (Abyss:2)
  A redback (Spider:3)
  A swamp worm (Swamp:2)
  A spatial vortex (Abyss:3)
  An acid dragon (D:13)
  A water moccasin (Lair:6)
  A hell hound (D:12)
  A floating eye (shapeshifter) (Vaults:5)
  2 orc warriors (Orc:2)
  A boggart (Vaults:2)
  A kobold brigand (D:12)
  363 jellies
  A lava snake (Lair:4)
  An orc wizard (Depths:1)
  An ogre zombie (WizLab)
  A gnoll (shapeshifter) (Depths:2)
  9 butterflies (Vaults:1)
  4 demonic plants (Gauntlet)
  28 foxfires
  51 fungi
  A lurking horror (Abyss:2)
  97 plants
  5 withered plants (Depths:3)
647 creatures vanquished.

Grand Total: 2761 creatures vanquished

Notes
Turn   | Place    | Note
-------+----------+-------------------------------------------
     0 | D:1      | RighteousDevil the Troll Monk began the quest for the Orb.
     0 | D:1      | Reached XP level 1. HP: 22/22 MP: 0/0
   193 | D:1      | Reached XP level 2. HP: 26/29 MP: 1/1
   479 | D:2      | Found Demoassu's Antique Weapon Boutique.
   618 | D:2      | Reached skill level 4 in Unarmed Combat
   862 | D:2      | Reached XP level 3. HP: 35/36 MP: 2/2
  1184 | D:3      | Found a transporter.
  1189 | D:3      | Noticed AlmostDecent's ghost (amateur DjCj)
  1236 | D:3      | Found a transporter.
  1265 | D:3      | Found Womy's Antique Armour Shop.
  1266 | D:3      | Noticed a gnoll sergeant
  1277 | D:3      | Killed a gnoll sergeant
  1278 | D:3      | Reached skill level 5 in Unarmed Combat
  1278 | D:3      | Reached XP level 4. HP: 10/44 MP: 3/3
  1318 | D:3      | Reached XP level 5. HP: 33/50 MP: 4/4
  1347 | D:3      | Found a white marble altar of Elyvilon.
  1388 | D:3      | Reached skill level 6 in Unarmed Combat
  1762 | D:3      | Gained mutation: You are partially covered in iridescent
                  | scales. (AC +2) [potion of mutation]
  1762 | D:3      | Gained mutation: Your body sometimes deteriorates upon
                  | taking damage. [potion of mutation]
  1763 | D:3      | Lost mutation: Your body sometimes deteriorates upon taking
                  | damage. [potion of mutation]
  1763 | D:3      | Lost mutation: You are partially covered in iridescent
                  | scales. (AC +2) [potion of mutation]
  1763 | D:3      | Gained mutation: You possess an exceptional clarity of
                  | mind. [potion of mutation]
  1763 | D:3      | Gained mutation: You have supernaturally acute eyesight.
                  | (SInv) [potion of mutation]
  1763 | D:3      | Gained mutation: Your mind is acute. (Int +2) [potion of
                  | mutation]
  1841 | D:4      | Found Kicamem's Distillery.
  1939 | D:4      | Found an ancient bone altar of Kikubaaqudgha.
  2411 | D:4      | Reached XP level 6. HP: 59/59 MP: 5/5
  2579 | D:5      | Entered Level 5 of the Dungeon
  2657 | D:5      | Reached skill level 7 in Unarmed Combat
  2678 | D:5      | Found a shadowy altar of Dithmenos.
  2777 | D:5      | Noticed Pikel
  2830 | D:5      | Killed Pikel
  2831 | D:5      | Reached skill level 9 in Unarmed Combat
  2831 | D:5      | Reached XP level 7. HP: 39/66 MP: 6/6
  2967 | D:5      | Identified the +7 falchion of Tiji {protect, rF+}
  3237 | D:5      | Reached XP level 8. HP: 74/74 MP: 7/7
  3377 | D:6      | Reached skill level 10 in Unarmed Combat
  3407 | D:6      | Found a staircase to the Ecumenical Temple.
  3425 | Temple   | Entered the Ecumenical Temple
  3609 | D:6      | Noticed a manticore
  3615 | D:6      | Killed a manticore
  3811 | D:6      | Reached XP level 9. HP: 84/85 MP: 8/8
  4217 | D:6      | Reached skill level 5 in Fighting
  4217 | D:6      | Reached skill level 5 in Dodging
  4562 | D:7      | Identified the +3 fustibalus of the Yoke {freeze, Contam
                  | rPois Dex-2 Stlth+}
  5151 | D:8      | Found a radiant altar of Vehumet.
  5396 | D:8      | Noticed Maurice
  5419 | D:8      | Killed Maurice
  5420 | D:8      | Reached XP level 10. HP: 96/102 MP: 9/9
  5713 | D:3      | Bought a faintly humming cloak for 256 gold pieces
  5713 | D:3      | Identified the +0 cloak "Pausy" {rElec Regen+ Int+3} (You
                  | bought it in a shop on level 3 of the Dungeon)
  6326 | D:9      | Found a flagged portal.
  6344 | Bailey   | Entered a bailey
  6870 | D:9      | Noticed a two-headed ogre
  6910 | D:9      | Killed a two-headed ogre
  7028 | D:9      | Found a broken altar of Ashenzari.
  7254 | D:9      | Reached skill level 1 in Armour
  7311 | D:9      | Reached XP level 11. HP: 111/111 MP: 10/10
  7341 | D:10     | Entered Level 10 of the Dungeon
  7354 | D:10     | Found an ornate altar of the Wu Jian Council.
  7369 | D:10     | Noticed a two-headed ogre
  7376 | D:10     | Killed a two-headed ogre
  7607 | D:10     | Noticed an orc knight
  7610 | D:10     | Noticed an orc knight
  7677 | D:9      | Killed an orc knight
  7863 | D:10     | Killed an orc knight
  7864 | D:10     | Reached XP level 12. HP: 83/122 MP: 11/11
  7962 | D:10     | Found a staircase to the Orcish Mines.
  7998 | D:10     | Found a staircase to the Lair.
  8199 | D:10     | Found a hazy altar of Hepliaklqana.
  8483 | Lair:1   | Entered Level 1 of the Lair of Beasts
  8554 | D:10     | Reached skill level 11 in Unarmed Combat
  8679 | Lair:1   | Learned a level 1 spell: Apportation
  9216 | Lair:1   | Noticed a five-headed hydra
  9225 | Lair:1   | Killed a six-headed hydra
  9763 | Lair:2   | Noticed a six-headed hydra
  9770 | Lair:2   | Killed a six-headed hydra
  9771 | Lair:2   | Reached skill level 5 in Armour
 10566 | Lair:3   | Noticed an eight-headed hydra
 10569 | Lair:3   | Killed an eight-headed hydra
 10570 | Lair:3   | Reached skill level 10 in Fighting
 10570 | Lair:3   | Reached skill level 12 in Unarmed Combat
 10947 | Lair:3   | Noticed an ice dragon
 10961 | Lair:3   | Killed an ice dragon
 10962 | Lair:3   | Reached XP level 13. HP: 61/133 MP: 12/12
 11481 | Lair:3   | Identified 2 scrolls of acquirement
 11481 | Lair:3   | Acquired a manual of Fighting
 11483 | Lair:3   | Acquired 906 gold pieces
 11713 | Lair:4   | Found a hole to the Spider Nest.
 11976 | Lair:4   | Found a staircase to the Swamp.
 12008 | Lair:4   | Found a gate leading to a gauntlet.
 12017 | Gauntlet | Entered a Gauntlet
 12017 | Gauntlet | Found a transporter.
 12036 | Gauntlet | Found a transporter.
 12041 | Gauntlet | Found a transporter.
 12046 | Gauntlet | Found a transporter.
 12061 | Gauntlet | Found a transporter.
 12076 | Gauntlet | Noticed a blizzard demon
 12080 | Gauntlet | Found a transporter.
 12092 | Gauntlet | Found a transporter.
 12104 | Gauntlet | Found a transporter.
 12116 | Gauntlet | Found a transporter.
 12128 | Gauntlet | Found a transporter.
 12134 | Gauntlet | Found a transporter.
 12171 | Gauntlet | Found a transporter.
 12173 | Gauntlet | Found a transporter.
 12198 | Gauntlet | Found a transporter.
 12200 | Gauntlet | Found a transporter.
 12220 | Gauntlet | Found a transporter.
 12298 | Gauntlet | Found a transporter.
 12318 | Gauntlet | Found a transporter.
 12469 | Gauntlet | Reached skill level 13 in Unarmed Combat
 12624 | Gauntlet | Identified the ring of Circularity {rPois Dex+4 Slay+4}
 12713 | Gauntlet | Noticed a minotaur
 12728 | Gauntlet | Killed a minotaur
 13586 | Lair:5   | Found an ancient bone altar of Kikubaaqudgha.
 13674 | Lair:5   | Reached skill level 14 in Unarmed Combat
 13856 | Lair:5   | Reached XP level 14. HP: 146/153 MP: 13/13
 14127 | Lair:6   | Entered Level 6 of the Lair of Beasts
 14481 | Lair:6   | Noticed Kirke
 14607 | Lair:6   | Found a viscous altar of Jiyva.
 14607 | Lair:6   | Found a staircase to the Slime Pits.
 14611 | Lair:6   | Became a worshipper of Jiyva Jonno the Shapeless
 14611 | Lair:6   | Reached * piety under Jiyva
 14611 | Lair:6   | Reached ** piety under Jiyva
 14711 | Lair:6   | Reached skill level 15 in Unarmed Combat
 14818 | Lair:6   | Noticed a sphinx
 14912 | Lair:6   | Identified the ring of Duuskavilu {rN+ Str-3 Int+3 Dex+6
                  | Slay+2}
 15150 | Lair:6   | Killed Kirke
 15226 | Lair:6   | Noticed an emperor scorpion
 15226 | Lair:6   | a six-headed hydra changed into an emperor scorpion
 15311 | Lair:5   | Noticed a quicksilver ooze
 15311 | Lair:5   | an emperor scorpion changed into a quicksilver ooze
 15377 | Lair:6   | Reached skill level 15 in Fighting
 15488 | Lair:6   | Reached *** piety under Jiyva
 15508 | Lair:6   | Reached skill level 1 in Invocations
 15967 | Orc:1    | Entered Level 1 of the Orcish Mines
 16111 | Orc:2    | Entered Level 2 of the Orcish Mines
 16111 | Orc:2    | Found a staircase to the Elven Halls.
 16365 | Orc:1    | Lost mutation: You have supernaturally acute eyesight.
                  | (SInv) [Jiyva's grace]
 16365 | Orc:1    | Lost mutation: You possess an exceptional clarity of mind.
                  | [Jiyva's grace]
 16365 | Orc:1    | Gained mutation: You possess an exceptional clarity of
                  | mind. [Jiyva's grace]
 16365 | Orc:1    | Gained mutation: You have large cloven feet. [Jiyva's
                  | grace]
 16365 | Orc:1    | Gained mutation: You have hoof-like feet. [Jiyva's grace]
 16365 | Orc:1    | Gained mutation: You have hooves in place of feet. [Jiyva's
                  | grace]
 16586 | Orc:2    | Reached XP level 15. HP: 161/167 MP: 16/16
 16612 | Orc:2    | Found Totwejao's Magic Scroll Boutique.
 16612 | Orc:2    | Found Xushir's Distillery.
 16614 | Orc:2    | Found Juoshi's Jewellery Emporium.
 16616 | Orc:2    | Found Upeyfyc's Jewellery Shop.
 16628 | Orc:2    | Bought 2 potions of curing for 90 gold pieces
 16628 | Orc:2    | Bought a potion of haste for 150 gold pieces
 16629 | Orc:2    | Bought 3 scrolls of magic mapping for 168 gold pieces
 16629 | Orc:2    | Bought a scroll of teleportation for 48 gold pieces
 16629 | Orc:2    | Bought a scroll of magic mapping for 56 gold pieces
 16629 | Orc:2    | Bought a scroll of fog for 32 gold pieces
 16629 | Orc:2    | Bought a scroll of teleportation for 48 gold pieces
 16629 | Orc:2    | Bought a scroll of teleportation for 48 gold pieces
 16675 | Orc:2    | Found Xith's Antique Armour Boutique.
 16950 | Orc:2    | Reached **** piety under Jiyva
 17803 | D:11     | Reached skill level 16 in Unarmed Combat
 18133 | D:12     | Reached skill level 5 in Invocations
 18220 | D:12     | Noticed Azrael
 18236 | D:12     | Killed Azrael
 18418 | D:12     | Reached ***** piety under Jiyva
 18420 | D:12     | Gained mutation: You are agile. (Dex +2) [Jiyva's grace]
 18420 | D:12     | Gained mutation: You are very agile. (Dex +4) [Jiyva's
                  | grace]
 18420 | D:12     | Gained mutation: You have acidic saliva. [Jiyva's grace]
 18420 | D:12     | Gained mutation: You are covered in thick fur. (AC +2)
                  | [Jiyva's grace]
 18438 | D:12     | Noticed Josephine
 18448 | D:12     | Killed Josephine
 18825 | D:13     | Identified the +2 quarterstaff "Mytoocit" {flame, rN+ Int-2
                  | Stlth+}
 18875 | D:13     | Identified the +2 ice dragon scales "Ogrukh" {rF- rC++ rN+
                  | Int+8}
 18880 | D:13     | Identified the +1 chain mail of Insatiable Hunger {Drain
                  | rN++ Int+8}
 18881 | D:13     | Identified the +6 hand axe of Demonic Conscience {vamp, rC+
                  | Str-4 Int+6 Stlth+}
 19117 | D:13     | Found Pauf's Armour Boutique.
 19544 | D:14     | Found Unlasm's General Store.
 19546 | D:14     | Found Qeog's Specific Store.
 19558 | D:14     | Bought a scroll of acquirement for 936 gold pieces
 19558 | D:14     | Acquired the +8 tower shield of the Original Sin {rElec
                  | rPois Int+4}
 19620 | D:14     | Reached skill level 1 in Shields
 19633 | D:14     | Found a gate to the Vaults.
 19710 | D:14     | Identified the +10 mace of Attainder {elec, rCorr Str-4
                  | Dex+3}
 19822 | D:14     | Found a snail-covered altar of Cheibriados.
 19856 | D:14     | Lost mutation: You have hooves in place of feet. [Jiyva's
                  | grace]
 19856 | D:14     | Lost mutation: Your mind is acute. (Int +2) [Jiyva's grace]
 19856 | D:14     | Lost mutation: You have acidic saliva. [Jiyva's grace]
 19856 | D:14     | Gained mutation: You have acidic saliva. [Jiyva's grace]
 19856 | D:14     | Gained mutation: Your flesh is cold resistant. (rC+)
                  | [Jiyva's grace]
 19856 | D:14     | Gained mutation: Your flesh is very cold resistant. (rC++)
                  | [Jiyva's grace]
 19856 | D:14     | Gained mutation: Your flesh is almost immune to the effects
                  | of cold. (rC+++) [Jiyva's grace]
 20208 | D:15     | Entered Level 15 of the Dungeon
 20259 | D:15     | Reached skill level 5 in Shields
 20324 | D:15     | Reached XP level 16. HP: 179/179 MP: 20/20
 20375 | D:15     | Reached ****** piety under Jiyva
 20540 | D:15     | Identified the +4 ring mail of Calculation {rElec MP+9
                  | Str-3}
 20593 | D:15     | Found a staircase to the Depths.
 21217 | Slime:1  | Entered Level 1 of the Pits of Slime
 21217 | Slime:1  | Noticed an acid blob
 21222 | Slime:1  | Noticed an acid blob
 21236 | Slime:3  | Noticed an acid blob
 21359 | Slime:5  | Entered Level 5 of the Pits of Slime
 21378 | Slime:5  | Noticed an acid blob
 21389 | Slime:5  | Noticed an acid blob
 21397 | Slime:5  | Noticed an acid blob
 21397 | Slime:5  | Noticed the Royal Jelly
 21399 | Slime:5  | Found a viscous altar of Jiyva.
 21399 | Slime:5  | Noticed an acid blob
 21401 | Slime:5  | Noticed an acid blob
 21403 | Slime:5  | Noticed an acid blob
 21403 | Slime:5  | Noticed an acid blob
 21407 | Slime:5  | Got the Compendium of Feathers and Contamination
 21409 | Slime:5  | Noticed an acid blob
 21417 | Slime:5  | Identified the +5 long sword of the Middle {vorpal, rPois}
 21419 | Slime:5  | Got a slimy rune of Zot
 21420 | Slime:5  | Found the ring of the Tortoise {AC+8}
 21439 | Slime:5  | Identified the +4 chain mail "Kuoxzouw" {rCorr}
 21445 | Slime:5  | Identified the +2 steam dragon scales of Greater Demons
                  | {Harm *Corrode rElec rN++}
 21460 | Slime:5  | Noticed an acid blob
 21476 | Slime:5  | Noticed an acid blob
 21524 | Slime:5  | Noticed an acid blob
 21705 | Slime:4  | Noticed Dissolution
 22464 | Vaults:1 | Entered Level 1 of the Vaults
 22472 | Vaults:1 | Lost mutation: Your flesh is almost immune to the effects
                  | of cold. (rC+++) [Jiyva's grace]
 22472 | Vaults:1 | Lost mutation: Your flesh is very cold resistant. (rC++)
                  | [Jiyva's grace]
 22472 | Vaults:1 | Gained mutation: You have a pair of small antennae on your
                  | head. [Jiyva's grace]
 22472 | Vaults:1 | Gained mutation: You have a pair of antennae on your head.
                  | [Jiyva's grace]
 22472 | Vaults:1 | Gained mutation: You have a pair of large antennae on your
                  | head. (SInv) [Jiyva's grace]
 22472 | Vaults:1 | Lost mutation: You have hoof-like feet. [Jiyva's grace]
 22472 | Vaults:1 | Lost mutation: You have large cloven feet. [Jiyva's grace]
 22472 | Vaults:1 | Gained mutation: You have sharp toenails. [Jiyva's grace]
 22722 | Vaults:1 | Noticed Asterion
 22734 | Vaults:1 | Killed Asterion
 22961 | Vaults:1 | Found a huge runed gate.
 22961 | Vaults:1 | Found a huge runed gate.
 22962 | Vaults:1 | Found a huge runed gate.
 22963 | Vaults:1 | Found a huge runed gate.
 22965 | Vaults:1 | Found a huge runed gate.
 22967 | Vaults:1 | Found a huge runed gate.
 22968 | Vaults:1 | Found a huge runed gate.
 22969 | Vaults:1 | Found a huge runed gate.
 22969 | Vaults:1 | Found a huge runed gate.
 22969 | Vaults:1 | Found a huge runed gate.
 22973 | Vaults:1 | Found a huge runed gate.
 22973 | Vaults:1 | Found a huge runed gate.
 22973 | Vaults:1 | Found a huge runed gate.
 22973 | Vaults:1 | Found a huge runed gate.
 22973 | Vaults:1 | Found a huge runed gate.
 22973 | Vaults:1 | Found a huge runed gate.
 22974 | Vaults:1 | Found a huge runed gate.
 22975 | Vaults:1 | Found a huge runed gate.
 22976 | Vaults:1 | Found a huge runed gate.
 22985 | Vaults:1 | Found a huge runed gate.
 22985 | Vaults:1 | Found a huge runed gate.
 22985 | Vaults:1 | Found a huge runed gate.
 22985 | Vaults:1 | Found a huge runed gate.
 22985 | Vaults:1 | Found a huge runed gate.
 22985 | Vaults:1 | Found a huge runed gate.
 22986 | Vaults:1 | Found a huge runed gate.
 22987 | Vaults:1 | Found a huge runed gate.
 22988 | Vaults:1 | Found a huge runed gate.
 22996 | Vaults:1 | Found a huge runed gate.
 22996 | Vaults:1 | Found a huge runed gate.
 22996 | Vaults:1 | Found a huge runed gate.
 22996 | Vaults:1 | Found a huge runed gate.
 22996 | Vaults:1 | Found a huge runed gate.
 22996 | Vaults:1 | Found a huge runed gate.
 22997 | Vaults:1 | Found a huge runed gate.
 23008 | Vaults:1 | Found a huge runed gate.
 23693 | Vaults:1 | Found the +1 cloak of Starlight {*Dazzle EV+4 Stlth--}
 23977 | Vaults:2 | Reached skill level 17 in Unarmed Combat
 24154 | Vaults:2 | Noticed a sphinx
 24203 | Vaults:2 | Found Zuttom's Book Shoppe.
 24258 | Vaults:2 | Noticed a sphinx
 24265 | Vaults:2 | Paralysed by a sphinx for 7 turns
 24278 | Vaults:2 | Noticed a tengu reaver
 24280 | Vaults:2 | Slimified a sphinx
 24280 | Vaults:2 | a sphinx changed into an azure jelly
 24370 | Vaults:2 | Reached XP level 17. HP: 99/188 MP: 22/22
 24813 | Vaults:2 | Lost mutation: You have a pair of large antennae on your
                  | head. (SInv) [Jiyva's grace]
 24813 | Vaults:2 | Lost mutation: You are very agile. (Dex +4) [Jiyva's grace]
 24813 | Vaults:2 | Lost mutation: You have sharp toenails. [Jiyva's grace]
 24813 | Vaults:2 | Gained mutation: You have large cloven feet. [Jiyva's
                  | grace]
 24813 | Vaults:2 | Gained mutation: You have hoof-like feet. [Jiyva's grace]
 24813 | Vaults:2 | Gained mutation: You have hooves in place of feet. [Jiyva's
                  | grace]
 24813 | Vaults:2 | Gained mutation: Your flesh is very cold resistant. (rC++)
                  | [Jiyva's grace]
 25336 | Vaults:3 | Found a magical portal.
 25341 | WizLab   | Entered Zonguldrok's Shrine
 25705 | WizLab   | Reached skill level 18 in Unarmed Combat
 25769 | WizLab   | Noticed an antique lich
 25772 | WizLab   | Found the +9 sword of Zonguldrok {reap}
 25788 | WizLab   | Killed an antique lich
 25888 | Vaults:3 | Reached skill level 10 in Invocations
 26255 | Vaults:3 | Found a staircase to the Crypt.
 26544 | Vaults:3 | Found Zolutieq's Magic Scroll Boutique.
 26699 | Vaults:3 | Identified the +1 hand axe of the Fulmar {freeze, rPois rF-
                  | Stlth+}
 26714 | Vaults:3 | Reached XP level 18. HP: 201/201 MP: 25/25
 27202 | Vaults:4 | Lost mutation: Your flesh is very cold resistant. (rC++)
                  | [Jiyva's grace]
 27202 | Vaults:4 | Gained mutation: Your rubbery body absorbs attacks. (AC +1,
                  | EV +1) [Jiyva's grace]
 27202 | Vaults:4 | Gained mutation: Your pliable body absorbs attacks. (AC +2,
                  | EV +2) [Jiyva's grace]
 27202 | Vaults:4 | Gained mutation: Your gelatinous body deflects attacks. (AC
                  | +3, EV +3) [Jiyva's grace]
 27202 | Vaults:4 | Gained mutation: You are covered in slimy tendrils that may
                  | disarm your opponents. [Jiyva's grace]
 27373 | Vaults:4 | Identified the amulet "Zazullur" {Regen+ Dex+3}
 27400 | Vaults:4 | Reached skill level 19 in Unarmed Combat
 27449 | Vaults:4 | Noticed Xtahua
 27540 | Vaults:4 | Slimified Xtahua
 27540 | Vaults:4 | Noticed Xtahua
 27540 | Vaults:4 | Xtahua changed into Xtahua the azure jelly
 27544 | Vaults:4 | Killed Xtahua the azure jelly
 27551 | Vaults:4 | Paralysed by a sphinx for 2 turns
 28623 | Swamp:1  | Entered Level 1 of the Swamp
 28706 | Swamp:1  | Identified the +1 plate armour "Xesmujiy" {Rampage rF-
                  | Str+2}
 28718 | Swamp:1  | Identified the ring of Peace {Ice Str+6}
 28951 | Swamp:1  | Found a runed translucent door.
 29055 | Swamp:1  | Noticed TheOneDM's ghost (adept GrFi)
 29058 | Swamp:1  | Identified the +10 trident of Gogrob {vorpal, *Rage rF+++
                  | rN+++ Int-3}
 29061 | Swamp:1  | Lost mutation: You have a pair of antennae on your head.
                  | [Jiyva's grace]
 29061 | Swamp:1  | Lost mutation: You possess an exceptional clarity of mind.
                  | [Jiyva's grace]
 29061 | Swamp:1  | Lost mutation: You are covered in thick fur. (AC +2)
                  | [Jiyva's grace]
 29061 | Swamp:1  | Lost mutation: You have acidic saliva. [Jiyva's grace]
 29061 | Swamp:1  | Gained mutation: You are somewhat resistant to further
                  | mutation. [Jiyva's grace]
 29061 | Swamp:1  | Gained mutation: You are somewhat resistant to both further
                  | mutation and mutation removal. [Jiyva's grace]
 29061 | Swamp:1  | Gained mutation: You are almost entirely resistant to
                  | further mutation and mutation removal. [Jiyva's grace]
 29061 | Swamp:1  | Gained mutation: Your muscles are strong. (Str +2) [Jiyva's
                  | grace]
 29261 | Swamp:2  | Noticed Frances
 29273 | Swamp:2  | Killed Frances
 29836 | Swamp:3  | Reached XP level 19. HP: 211/211 MP: 27/27
 30361 | Swamp:4  | Entered Level 4 of the Swamp
 30653 | Swamp:4  | Identified the +1 ring mail of the Grape {rPois Dex+4}
 30654 | Swamp:4  | Found an ancient bone altar of Kikubaaqudgha.
 30809 | Swamp:4  | Reached skill level 10 in Shields
 30897 | Swamp:4  | Got a decaying rune of Zot
 31286 | Spider:1 | Entered Level 1 of the Spider Nest
 31345 | Spider:1 | Lost mutation: You have hooves in place of feet. [Jiyva's
                  | grace]
 31345 | Spider:1 | Lost mutation: You are agile. (Dex +2) [Jiyva's grace]
 31345 | Spider:1 | Lost mutation: Your flesh is cold resistant. (rC+) [Jiyva's
                  | grace]
 31345 | Spider:1 | Gained mutation: You are agile. (Dex +2) [Jiyva's grace]
 31345 | Spider:1 | Gained mutation: You are very agile. (Dex +4) [Jiyva's
                  | grace]
 31345 | Spider:1 | Gained mutation: Your translucent skin slightly reduces
                  | your foes' accuracy. (Stealth+) [Jiyva's grace]
 31345 | Spider:1 | Gained mutation: Your translucent skin reduces your foes'
                  | accuracy. (Stealth+) [Jiyva's grace]
 31868 | Spider:1 | Reached skill level 10 in Dodging
 32408 | Spider:1 | Identified the +1 leather armour of Courage {Dex+3 Stlth+}
 32682 | Spider:2 | Reached skill level 20 in Unarmed Combat
 33646 | Spider:3 | Noticed Louise
 33658 | Spider:3 | Killed Louise
 33700 | Spider:3 | Noticed Arachne
 33717 | Spider:3 | Killed Arachne
 33720 | Spider:3 | Reached XP level 20. HP: 211/223 MP: 28/28
 33831 | Spider:3 | Lost mutation: You have hoof-like feet. [Jiyva's grace]
 33831 | Spider:3 | Lost mutation: You are very agile. (Dex +4) [Jiyva's grace]
 33831 | Spider:3 | Lost mutation: Your gelatinous body deflects attacks. (AC
                  | +3, EV +3) [Jiyva's grace]
 33831 | Spider:3 | Lost mutation: Your translucent skin reduces your foes'
                  | accuracy. (Stealth+) [Jiyva's grace]
 33831 | Spider:3 | Gained mutation: You have a small jelly attached to you
                  | that senses nearby items. [Jiyva's grace]
 33831 | Spider:3 | Gained mutation: You are strong-willed. (Will+) [Jiyva's
                  | grace]
 33831 | Spider:3 | Gained mutation: You are highly strong-willed. (Will++)
                  | [Jiyva's grace]
 33831 | Spider:3 | Gained mutation: You are extremely strong-willed. (Will+++)
                  | [Jiyva's grace]
 33882 | Spider:3 | Noticed Mlioglotl
 33915 | Spider:3 | Killed Mlioglotl
 34741 | Spider:4 | Entered Level 4 of the Spider Nest
 35575 | Spider:4 | Identified the +2 hat "Ugorph" {rF+ Int+4 Dex+3}
 35581 | Spider:4 | Got a gossamer rune of Zot
 35615 | Spider:4 | Lost mutation: You are almost entirely resistant to further
                  | mutation and mutation removal. [Jiyva's grace]
 35615 | Spider:4 | Lost mutation: You are somewhat resistant to both further
                  | mutation and mutation removal. [Jiyva's grace]
 35615 | Spider:4 | Gained mutation: You are partially covered in iridescent
                  | scales. (AC +2) [Jiyva's grace]
 35615 | Spider:4 | Gained mutation: You are mostly covered in iridescent
                  | scales. (AC +4) [Jiyva's grace]
 35615 | Spider:4 | Gained mutation: You are completely covered in iridescent
                  | scales. (AC +6) [Jiyva's grace]
 35615 | Spider:4 | Gained mutation: Your muscles are very strong. (Str +4)
                  | [Jiyva's grace]
 36313 | Elf:1    | Entered Level 1 of the Elven Halls
 36333 | Elf:1    | Found a radiant altar of Vehumet.
 36661 | Elf:1    | Paralysed by an air elemental for 1 turns
 36716 | Elf:1    | Paralysed by an air elemental for 1 turns
 36720 | Elf:1    | Paralysed by an air elemental for 1 turns
 36892 | Elf:1    | Reached skill level 21 in Unarmed Combat
 37424 | Elf:2    | Found a runed translucent door.
 37424 | Elf:2    | Found a shimmering altar of Xom.
 37424 | Elf:2    | Identified the +3 bardiche of Cabagit {chaos, Str-3 Int+6}
 37424 | Elf:2    | Noticed Timpihef's ghost (adept OpAK)
 37439 | Elf:2    | Paralysed by an air elemental for 1 turns
 37446 | Elf:2    | Paralysed by an air elemental for 1 turns
 37583 | Elf:2    | Found a runed translucent gate.
 37584 | Elf:2    | Found a runed translucent gate.
 37584 | Elf:2    | Found a runed translucent gate.
 37617 | Elf:2    | Reached XP level 21. HP: 234/234 MP: 30/30
 38011 | Elf:2    | Lost mutation: You are completely covered in iridescent
                  | scales. (AC +6) [Jiyva's grace]
 38011 | Elf:2    | Lost mutation: Your pliable body absorbs attacks. (AC +2,
                  | EV +2) [Jiyva's grace]
 38011 | Elf:2    | Lost mutation: Your rubbery body absorbs attacks. (AC +1,
                  | EV +1) [Jiyva's grace]
 38011 | Elf:2    | Lost mutation: You have a small jelly attached to you that
                  | senses nearby items. [Jiyva's grace]
 38011 | Elf:2    | Gained mutation: Your rubbery body absorbs attacks. (AC +1,
                  | EV +1) [Jiyva's grace]
 38011 | Elf:2    | Gained mutation: Your pliable body absorbs attacks. (AC +2,
                  | EV +2) [Jiyva's grace]
 38011 | Elf:2    | Gained mutation: Your gelatinous body deflects attacks. (AC
                  | +3, EV +3) [Jiyva's grace]
 38011 | Elf:2    | Gained mutation: Your mind is acute. (Int +2) [Jiyva's
                  | grace]
 38105 | Elf:3    | Entered Level 3 of the Elven Halls
 38250 | Elf:3    | Found Ipioc's Book Shop.
 38278 | Elf:3    | Noticed Roxanne
 38301 | Elf:3    | Killed Roxanne
 38412 | Elf:3    | Reached skill level 22 in Unarmed Combat
 38553 | Elf:3    | Identified the ring of Acwuhaz {Fire Will+ Str-5 Int+4
                  | SInv}
 38555 | Elf:3    | Identified the +6 long sword of Imminent Death {drain,
                  | Int+5 Dex-2}
 38555 | Elf:3    | Identified the ring "Rear Iselao" {Fly rElec Will+ Dex+6}
 38556 | Elf:3    | Identified the +7 war axe of Yheratia {drain, rC++}
 38634 | Elf:3    | Identified the +3 dagger of Ascent {vorpal, rCorr Str+4}
 38634 | Elf:3    | Identified the ring of Greater Demons {Ice Drain Str+3
                  | Dex+3}
 39280 | Vaults:5 | Entered Level 5 of the Vaults
 39353 | Vaults:4 | Reached skill level 23 in Unarmed Combat
 39448 | Vaults:5 | Identified the +3 leather armour of Pan-Flutes {Regen+}
 39502 | Vaults:5 | Got a silver rune of Zot
 39703 | Vaults:5 | Reached skill level 24 in Unarmed Combat
 39742 | Vaults:5 | Identified the +1 ring mail of Watchfulness {rF+}
 39791 | Vaults:5 | Identified the +6 long sword "Nyheu" {spect, Int+3}
 40028 | Depths:1 | Entered Level 1 of the Depths
 40084 | Depths:1 | Noticed Saint Roka
 40147 | Depths:1 | Killed Saint Roka
 40234 | Depths:1 | Reached XP level 22. HP: 243/243 MP: 31/31
 40302 | Depths:1 | Found a gateway to Hell.
 40632 | Depths:1 | Noticed Bai Suzhen
 40641 | Depths:1 | Killed Bai Suzhen
 40737 | Depths:1 | Reached skill level 25 in Unarmed Combat
 41046 | Depths:1 | Found a portal to a secret trove of treasure.
 41288 | Depths:1 | You fall into a shaft and drop 1 floor!
 41337 | Depths:2 | Found a one-way gate leading to the halls of Pandemonium.
 41392 | Depths:2 | Noticed Aizul
 41401 | Depths:2 | Noticed a caustic shrike
 41401 | Depths:2 | Noticed a caustic shrike
 41401 | Depths:2 | Noticed a caustic shrike
 41403 | Depths:2 | Killed Aizul
 41497 | Depths:1 | Found Vapsisch's Weapon Shoppe.
 41927 | Depths:2 | Found a one-way gate to the infinite horrors of the Abyss.
 41947 | Depths:2 | Voluntarily entered the Abyss.
 41947 | Abyss:1  | Found a corrupted altar of Lugonu.
 41979 | Abyss:2  | Found a corrupted altar of Lugonu.
 41995 | Abyss:2  | Found a corrupted altar of Lugonu.
 42442 | Abyss:3  | Found a corrupted altar of Lugonu.
 42466 | Abyss:3  | Reached XP level 23. HP: 185/242 MP: 32/32
 42466 | Abyss:3  | Reached XP level 24. HP: 192/251 MP: 32/32
 42466 | Abyss:3  | Got an abyssal rune of Zot
 42477 | Depths:2 | Escaped the Abyss
 42536 | Depths:2 | Reached skill level 26 in Unarmed Combat
 42540 | Depths:2 | Lost mutation: You are extremely strong-willed. (Will+++)
                  | [Jiyva's grace]
 42540 | Depths:2 | Lost mutation: You are highly strong-willed. (Will++)
                  | [Jiyva's grace]
 42540 | Depths:2 | Lost mutation: Your gelatinous body deflects attacks. (AC
                  | +3, EV +3) [Jiyva's grace]
 42540 | Depths:2 | Lost mutation: Your pliable body absorbs attacks. (AC +2,
                  | EV +2) [Jiyva's grace]
 42540 | Depths:2 | Lost mutation: Your translucent skin slightly reduces your
                  | foes' accuracy. (Stealth+) [Jiyva's grace]
 42540 | Depths:2 | Gained mutation: You heal very quickly. [Jiyva's grace]
 42540 | Depths:2 | Gained mutation: You regenerate. [Jiyva's grace]
 42540 | Depths:2 | Gained mutation: Your body has grown eyes which may confuse
                  | attackers. (Acc +3) [Jiyva's grace]
 42540 | Depths:2 | Gained mutation: Your body has grown many eyes which may
                  | confuse attackers. (Acc +5) [Jiyva's grace]
 42999 | Depths:2 | Identified the amulet "Vatuas" {Spirit rElec}
 43032 | Depths:2 | Noticed an ancient lich
 43039 | Depths:2 | Killed an ancient lich
 43042 | Depths:2 | Got the Grimoire of Calling
 43363 | Depths:3 | Reached skill level 27 in Unarmed Combat
 43507 | Depths:3 | Found a one-way gateway to a ziggurat.
 43507 | Depths:3 | Noticed an ancient lich
 43530 | Depths:3 | Noticed a juggernaut
 43537 | Depths:3 | Killed a juggernaut
 43620 | Depths:3 | Found an ancient bone altar of Kikubaaqudgha.
 43685 | Depths:3 | Noticed Boris
 43706 | Depths:3 | Killed Boris
 44218 | Depths:3 | Killed an ancient lich
 44219 | Depths:3 | Reached XP level 25. HP: 270/270 MP: 32/32
 44228 | Zig:1    | Entered Level 1 of a ziggurat
 44254 | Zig:2    | Entered Level 2 of a ziggurat
 44261 | Zig:2    | Lost mutation: Your mind is acute. (Int +2) [a neqoxec]
 44286 | Zig:2    | Paralysed by an air elemental for 1 turns
 44291 | Zig:2    | Paralysed by an air elemental for 1 turns
 44328 | Zig:2    | Got the Grimoire of Evil and Fire
 44332 | Zig:3    | Entered Level 3 of a ziggurat
 44367 | Zig:4    | Entered Level 4 of a ziggurat
 44367 | Zig:4    | Lost mutation: You are somewhat resistant to further
                  | mutation. [Jiyva's grace]
 44367 | Zig:4    | Lost mutation: Your body has grown many eyes which may
                  | confuse attackers. (Acc +5) [Jiyva's grace]
 44367 | Zig:4    | Gained mutation: Your pliable body absorbs attacks. (AC +2,
                  | EV +2) [Jiyva's grace]
 44367 | Zig:4    | Gained mutation: Your gelatinous body deflects attacks. (AC
                  | +3, EV +3) [Jiyva's grace]
 44367 | Zig:4    | Gained mutation: You possess an exceptional clarity of
                  | mind. [Jiyva's grace]
 44367 | Zig:4    | Gained mutation: Armour fits poorly on your pseudopods.
                  | [Jiyva's grace]
 44369 | Zig:4    | Noticed a Killer Klown
 44370 | Zig:4    | Noticed a Killer Klown
 44395 | Zig:4    | Killed a Killer Klown
 44397 | Zig:4    | Killed a Killer Klown
 44417 | Zig:5    | Entered Level 5 of a ziggurat
 44461 | Zig:5    | Found the +6 arbalest "Damnation" {damnation}
 44469 | Zig:5    | Identified the +0 pair of boots of Lesemu {rC- rN++ rCorr
                  | Stlth+}
 44474 | Zig:6    | Entered Level 6 of a ziggurat
 44494 | Zig:7    | Entered Level 7 of a ziggurat
 44514 | Zig:8    | Entered Level 8 of a ziggurat
 44624 | Depths:4 | Entered Level 4 of the Depths
 44659 | Depths:4 | Noticed Frederick
 44674 | Depths:4 | Killed Frederick
 45117 | Depths:4 | Found a gate to the Realm of Zot.
 45636 | D:4      | Bought a potion of invisibility for 112 gold pieces
 45636 | D:4      | Bought a potion of curing for 42 gold pieces
 45636 | D:4      | Bought a potion of might for 56 gold pieces
 45636 | D:4      | Bought a potion of heal wounds for 70 gold pieces
 45825 | Orc:2    | Bought a potion of cancellation for 120 gold pieces
 46053 | Zot:1    | Entered Level 1 of the Realm of Zot
 46762 | Zot:1    | You fall into a shaft and drop 1 floor!
 47386 | Zot:2    | Lost mutation: You are mostly covered in iridescent scales.
                  | (AC +4) [Jiyva's grace]
 47386 | Zot:2    | Lost mutation: You regenerate. [Jiyva's grace]
 47386 | Zot:2    | Lost mutation: You heal very quickly. [Jiyva's grace]
 47386 | Zot:2    | Lost mutation: Your body has grown eyes which may confuse
                  | attackers. (Acc +3) [Jiyva's grace]
 47386 | Zot:2    | Lost mutation: Your gelatinous body deflects attacks. (AC
                  | +3, EV +3) [Jiyva's grace]
 47386 | Zot:2    | Lost mutation: Armour fits poorly on your pseudopods.
                  | [Jiyva's grace]
 47386 | Zot:2    | Gained mutation: You are highly strong-willed. (Will++)
                  | [Jiyva's grace]
 47386 | Zot:2    | Gained mutation: You are extremely strong-willed. (Will+++)
                  | [Jiyva's grace]
 47386 | Zot:2    | Gained mutation: Your movements are slightly less
                  | encumbered by armour. (ER -2) [Jiyva's grace]
 47386 | Zot:2    | Gained mutation: Your movements are less encumbered by
                  | armour. (ER -4) [Jiyva's grace]
 47402 | Zot:2    | Identified the +0 pair of gloves of Liberty {MP+9 Str+6}
 47667 | Zot:2    | Reached XP level 26. HP: 245/283 MP: 32/32
 47748 | Zot:2    | Identified the +1 robe "Loguh" {Str+3 Slay+3 Archmagi}
 48206 | Zot:3    | Noticed an orb of fire
 48214 | Zot:3    | Gained mutation: You sometimes lose the ability to read
                  | scrolls when taking damage. [an orb of fire]
 48215 | Zot:3    | Lost mutation: You possess an exceptional clarity of mind.
                  | [an orb of fire]
 48217 | Zot:3    | Gained mutation: You tend to lose your temper in combat.
                  | [an orb of fire]
 48224 | Zot:3    | Gained mutation: Your body sometimes deteriorates upon
                  | taking damage. [an orb of fire]
 48225 | Zot:3    | Killed an orb of fire
 48342 | Zot:2    | Lost mutation: You tend to lose your temper in combat.
                  | [potion of mutation]
 48342 | Zot:2    | Lost mutation: You are covered in slimy tendrils that may
                  | disarm your opponents. [potion of mutation]
 48342 | Zot:2    | Lost mutation: Your muscles are very strong. (Str +4)
                  | [potion of mutation]
 48342 | Zot:2    | Lost mutation: Your muscles are strong. (Str +2) [potion of
                  | mutation]
 48342 | Zot:2    | Gained mutation: Your mind is acute. (Int +2) [potion of
                  | mutation]
 48343 | Zot:2    | Lost mutation: You are partially covered in iridescent
                  | scales. (AC +2) [potion of mutation]
 48343 | Zot:2    | Lost mutation: Your pliable body absorbs attacks. (AC +2,
                  | EV +2) [potion of mutation]
 48343 | Zot:2    | Lost mutation: You are extremely strong-willed. (Will+++)
                  | [potion of mutation]
 48343 | Zot:2    | Lost mutation: You are agile. (Dex +2) [potion of mutation]
 48343 | Zot:2    | Gained mutation: You have a pair of antennae on your head.
                  | [potion of mutation]
 49393 | Zot:4    | Found a huge runed gate.
 49394 | Zot:4    | Found a huge runed gate.
 49394 | Zot:4    | Found a huge runed gate.
 49394 | Zot:4    | Found a huge runed gate.
 49395 | Zot:4    | Found a huge runed gate.
 49395 | Zot:4    | Found a huge runed gate.
 49395 | Zot:4    | Found a huge runed gate.
 49395 | Zot:4    | Found a huge runed gate.
 49395 | Zot:4    | Found a huge runed gate.
 49396 | Zot:4    | Found a huge runed gate.
 49397 | Zot:4    | Found a huge runed gate.
 49398 | Zot:4    | Found a huge runed gate.
 49399 | Zot:4    | Found a huge runed gate.
 49400 | Zot:4    | Found a huge runed gate.
 49401 | Zot:4    | Found a huge runed gate.
 49411 | Zot:4    | Found a huge runed gate.
 49411 | Zot:4    | Found a huge runed gate.
 49411 | Zot:4    | Found a huge runed gate.
 49411 | Zot:4    | Found a huge runed gate.
 49411 | Zot:4    | Found a huge runed gate.
 49411 | Zot:4    | Found a huge runed gate.
 49412 | Zot:4    | Found a huge runed gate.
 49413 | Zot:4    | Found a huge runed gate.
 49414 | Zot:4    | Found a huge runed gate.
 49422 | Zot:4    | Found a huge runed gate.
 49422 | Zot:4    | Found a huge runed gate.
 49422 | Zot:4    | Found a huge runed gate.
 49422 | Zot:4    | Found a huge runed gate.
 49422 | Zot:4    | Found a huge runed gate.
 49422 | Zot:4    | Found a huge runed gate.
 49423 | Zot:4    | Found a huge runed gate.
 49424 | Zot:4    | Found a huge runed gate.
 49426 | Zot:4    | Found a huge runed gate.
 49435 | Zot:4    | Found a huge runed gate.
 49435 | Zot:4    | Found a huge runed gate.
 49435 | Zot:4    | Found a huge runed gate.
 49552 | Zot:4    | Lost mutation: Your movements are less encumbered by
                  | armour. (ER -4) [Jiyva's grace]
 49552 | Zot:4    | Gained mutation: Your muscles are strong. (Str +2) [Jiyva's
                  | grace]
 49552 | Zot:4    | Gained mutation: Your muscles are very strong. (Str +4)
                  | [Jiyva's grace]
 49552 | Zot:4    | Gained mutation: Your melee attacks may engulf your foes in
                  | ooze. [Jiyva's grace]
 49552 | Zot:4    | Gained mutation: Your system is resistant to poisons.
                  | (rPois) [Jiyva's grace]
 49701 | Zot:4    | Noticed an ancient lich
 49701 | Zot:4    | Noticed an ancient lich
 49701 | Zot:4    | Noticed an orb of fire
 49702 | Zot:4    | Gained mutation: Your body often deteriorates upon taking
                  | damage. [an orb of fire]
 49716 | Zot:4    | Killed from afar by an ancient lich

Illustrated notes

Levels and vault maps discovered:
D:1:      onia_arrival_handbag, layout_basic
D:2:      layout_basic, serial_shops, nicolae_diamond_shop
D:3:      layout_rooms, elyvilon_altar_5, serial_shops,
          nicolae_shop_statue_plus, gammafunk_ghost_mausoleum,
          grunt_ministairs_3
D:4:      layout_loops_ring, mainiacjoe_overflow_24_doors, serial_shops, shop,
          dk_vineyard_3, nicolae_concentric_dashed_squares_mild
D:5:      layout_basic, mainiacjoe_overflow_concentric_impassable,
          nicolae_grassy_gnolls, uniq_pikel
D:6:      layout_basic, minmay_temple_entry_wispy, minmay_manual_monstrance
D:7:      layout_basic, minivault_27, st_stairs_8
D:8:      layout_loops_ring, nicolae_vehumet_radiance, uniq_maurice
D:9:      corexii_shack_village, layout_rooms, nicolae_ashenzari_skybound,
          enter_bailey_4, nicolae_underground_beach
D:10:     layout_long_grid, nicolae_wu_jian_wuxing_cycle, marbit_many_paths,
          david_lair_generic, david_orc_3, special_room [special_room_orc],
          small_statue_alley_a, minmay_bent
D:11:     layout_layer_cave, nicolae_figureground_pulse
D:12:     layout_irregular_city, hangedman_weighted_door, uniq_josephine,
          uniq_azrael
D:13:     minmay_the_grid_four_pointed_star_mashed
          [minmay_the_grid_triangle_9x9_longest,
          minmay_the_grid_triangle_9x9_descending_squares,
          minmay_the_grid_triangle_9x9_intruding_spiral,
          minmay_the_grid_triangle_9x9_negative_grid,
          minmay_the_grid_prize_diamond_cup], layout_long_grid, serial_shops,
          nicolae_stop_n_shop_1
D:14:     layout_basic, david_vaults_4, cheibriados_altar_1,
          nicolae_specific_store, kennysheep_small_square
D:15:     grunt_enter_depths_snipers, layout_irregular_city,
          chequers_serial_rivers_room_a
Temple:   eino_wide_crystal_templ
Lair:1:   layout_hall_layers, serial_bayou_ford_a, minivault_19,
          grunt_megastairs_4
Lair:2:   layout_long_grid, lemuel_fruit_fields, serial_bayou_shore_a,
          grunt_megastairs_3
Lair:3:   dragon1_lemuel, layout_regular_city, lemuel_fruit_fields,
          serial_bayou_shore_b
Lair:4:   cheibrodos_magma_flow, layout_regular_city, swamp_mist,
          spider_nest_entry_a, gauntlet_entry_generic
Lair:5:   layout_gridlike, minmay_stone_trees_small, lemuel_oklob_altar
Lair:6:   hangedman_lair_in_review, layout_gridlike,
          dpeg_slime_entry_enclosed_altar, infiniplex_staircase_pool_2,
          uniq_kirke
Swamp:1:  layout_basic_swamp, ebering_ghost_funeral_grove,
          evilmike_swamp_ruin_house_4, swamp_pool5
Swamp:2:  layout_basic_swamp, evilmike_swamp_ruin_house_1, uniq_frances
Swamp:3:  layout_falls_marsh, serial_swamp_ruin, evilmike_swamp_ruin_rubble_2,
          evilmike_swamp_ruin_house_5
Swamp:4:  swamp_basic_johnstein, layout_basic_swamp, grunt_ruined_hall
Spider:1: layout_chambers
Spider:2: layout_spider_delve
Spider:3: layout_chambers, uniq_arachne, uniq_louise, uniq_mlioglotl
Spider:4: hellmonk_spider_rune_endless_swarm
Slime:1:  layout_caves
Slime:2:  cheibrodos_slime_lost_civilization_1, layout_caves
Slime:3:  layout_caves
Slime:4:  layout_caves, uniq_dissolution
Slime:5
Orc:1:    layout_caves, uniq_harold, uniq_fannar
Orc:2:    st_orc_rangers, layout_caves, serial_shops, shop,
          hellmonk_bongcloud_opening
Elf:1:    eino_elf_arrival_altar, layout_geoelf_octagon,
          hangedman_corner_corridor, hex_intersection,
          nicolae_elf_variegated_diamond
Elf:2:    nicolae_elf_blades_crystal_corner, layout_gridlike, ebering_ghost_xom,
          nicolae_elf_stone_circles
Elf:3:    elf_hall, layout_rooms, serial_shops, shop_fountains,
          grunt_ministairs_5, uniq_roxanne
Vaults:1: vaults_dpeg_encased_lava, v_pattern_5, not_door_vault_mu,
          nicolae_vaults_little_squares_6, serial_ice_g, v_misc_9,
          vaults_room_stairs_pillars, layout_vaults_omnigrid, uniq_asterion
Vaults:2: vaults_standard_mumra_x, v_rooms_3, nicolae_vaults_hallways_thing,
          vaults_room_ringed_pool, nicolae_vaults_know_your_exits,
          hangedman_vaults_snaps, v_pattern_4, ontoclasm_vaults_decontamination,
          nicolae_vaults_network_star, layout_vaults_big_cross, serial_shops,
          shop
Vaults:3: mu_enter_wizlab_2, vaults_mumra_chevron, vaults_mumra_hexcomb,
          minmay_crypt_entry_simple_walls, v_misc_22,
          nicolae_vaults_yaktaur_gun_rack, hangedman_vaults_stretched_pinwheel,
          grunt_vaults_diagonal, vaults_room_pool, v_misc_4,
          nicolae_vaults_shelves_hall, nicolae_vaults_meeting,
          layout_vaults_big_room, serial_shops, shop
Vaults:4: serial_ice_m, ontoclasm_vaults_ring_large, hangedman_vaults_trim,
          ontoclasm_vaults_eye, ontoclasm_vaults_claustrophobia,
          grunt_vaults_focal, vaults_room_pools, vaults_room_fours,
          grunt_vaults_twisty, nicolae_vaults_asterisk, layout_vaults_ring,
          uniq_xtahua
Vaults:5: serial_shops
Depths:1: layout_basic, hellmouth_1, serial_shops, shop, rand_demon_pan_entry_9,
          enter_trove_3, hangedman_aviary, grunt_megastairs_1, uniq_saint_roka,
          uniq_bai_suzhen
Depths:2: hangedman_pleasuredromes, pan_entry, abyss_entry, hell_entry,
          serial_shops, uniq_aizul
Depths:3: nicolae_cairo_tiling_very_big, layout_basic, enter_ziggurat_d,
          hell_entry, abyss_entry, kiku_gazebo_garden_becter, uniq_boris
Depths:4: evilmike_zot_entry_diamond, layout_cave_pools, hell_entry,
          uniq_frederick
Zot:1:    layout_concentric_octagons, grunt_megastairs_5
Zot:2:    layout_cellular_growth, guppyfry_library_mini
Zot:3:    lemuel_halls_of_wrath, layout_onion
Zot:4:    layout_cellular_growth, door_vault

Skill      XL: |  1  2  3  4  5  6  7  8  9 10 11 12 13 14 15 16 17 18 19 20 21 22 23 24 25 26 |
---------------+-------------------------------------------------------------------------------+-----
Unarmed Combat | 4 5 6 9 10 12 14 15 16 17 18 19 20 21 24 25 27 | 27.0
Fighting       | 4 7 8 10 13 15 16 17 18 19 20 21 | 21.0
Dodging        | 4 7 8 9 10 11 13 14 | 14.7
Armour         | 1 2 5 |  5.0
Evocations     | 6 7 8 9 |  9.8
Invocations    | 3 7 8 10 12 13 | 13.8
Shields        | 5 8 9 10 11 13 14 | 14.8
Stealth        | |  1.0

Action                   |  1- 3 |  4- 6 |  7- 9 | 10-12 | 13-15 | 16-18 | 19-21 | 22-24 | 25-27 || total
-------------------------+-------+-------+-------+-------+-------+-------+-------+-------+-------++-------
Melee: Unarmed           |    90 |    91 |   239 |   590 |  1044 |  1338 |  1858 |   768 |  1211 ||  7229
       Punch             |       |     4 |    17 |    47 |   118 |    11 |       |       |       ||   197
       Kick              |       |       |       |       |   173 |   640 |   776 |   379 |   644 ||  2612
       Bite              |       |       |       |       |    34 |   217 |       |       |       ||   251
       Pseudopods        |       |       |       |       |       |       |       |       |   208 ||   208
Throw: Boomerang         |       |       |       |    12 |       |       |       |       |       ||    12
       Throwing net      |       |       |       |     2 |     3 |       |       |       |       ||     5
Invok: Oozemancy         |       |       |       |       |     2 |     7 |     6 |       |       ||    15
       Slimify           |       |       |       |       |       |     3 |       |       |       ||     3
Evoke: Wand              |       |       |       |    23 |    39 |     5 |    13 |    13 |     3 ||    96
       Lightning rod     |       |       |       |       |     7 |     4 |     1 |       |     4 ||    16
       Box of beasts     |       |       |       |       |       |     2 |       |       |       ||     2
       Phantom mirror    |       |       |       |       |       |     1 |     1 |     1 |     1 ||     4
       Condenser vane    |       |       |       |       |       |       |       |     1 |     3 ||     4
  Use: Scroll            |     3 |     3 |     5 |    10 |    11 |     6 |     7 |     1 |     8 ||    54
       Potion            |     1 |     2 |       |     5 |     9 |     4 |     7 |     1 |    13 ||    42
 Stab: Sleeping          |     4 |     1 |     3 |     2 |     3 |     1 |     1 |       |     1 ||    16
       Held in net/web   |       |       |       |     1 |       |       |       |       |       ||     1
       Distracted        |       |       |       |       |     1 |     2 |     3 |     1 |     3 ||    10
       Invisible         |       |       |       |       |     7 |    23 |    55 |    11 |       ||    96
       Confused          |       |       |       |       |       |       |       |     4 |    15 ||    19
       Paralysed         |       |       |       |       |       |       |       |       |     1 ||     1
Armor: Robe              |    31 |    30 |    25 |       |       |       |       |       |       ||    86
       Steam dragon scal |       |       |    22 |   237 |   534 |   357 |   461 |   133 |   424 ||  2168
Dodge: Dodged            |    68 |   127 |   164 |   506 |  1083 |   603 |  1217 |   362 |   847 ||  4977
Block: Tower shield      |       |       |       |       |       |  1611 |  2745 |   880 |  1771 ||  7007
